 Dungeon Crawl Stone Soup version 0.17.1-1-g73c8601 (webtiles) character file.

2952 Implojin the Grappler (level 9, -4/80 HPs)
             Began as a Troll Monk on Apr 5, 2016.
             Was an Elder of Okawaru.
             Slain by a vampire (14 damage)
             ... on level 12 of the Dungeon.
             The game lasted 00:09:42 (1495 turns).

Implojin the Grappler (Troll Monk)                  Turns: 1495, Time: 00:09:42

Health: -4/80      AC:  5    Str: 26    XL:     9   Next: 52%
Magic:  6/8        EV: 14    Int:  9    God:    Okawaru [****..]
Gold:   183        SH:  0    Dex: 15    Spells: 0 memorised, 8 levels left

rFire  . . .     SeeInvis .       - Unarmed
rCold  . . .     Clarity  .     a - +0 robe
rNeg   . . .     SustAt   .     (no shield)
rPois  .         Gourm    +     (helmet restricted)
rElec  .         Spirit   .     (no cloak)
rCorr  .         Warding  .     (gloves unavailable)
rMut   .         Stasis   .     (boots unavailable)
MR     .....                    (no amulet)
Stlth  +.........               (no ring)
                                p - +3 ring of intelligence

@: confused, mighty, heroism, not resistant to hostile enchantments, very
unstealthy
A: unfitting armour, claws 3, fast metabolism 3, gourmand, regeneration 2,
shaggy fur 1, tough skin 2
a: Heroism, Renounce Religion


You were on level 12 of the Dungeon.
You worshipped Okawaru.
Okawaru was greatly pleased with you.
You were very full.

You visited 1 branch of the dungeon, and saw 11 of its levels.
You also visited: Bailey.

You collected 183 gold pieces.

Inventory:

Hand Weapons
 w - a +0 blowgun
 x - a +0 dagger of distortion
Missiles
 v - 6 curare-tipped needles
Armour
 a - a +0 robe (worn)
Jewellery
 p - a +3 ring of intelligence (left claw)
Wands
 s - a wand of flame (24)
Scrolls
 c - 2 scrolls of enchant armour {unknown}
 e - 3 scrolls of remove curse
 f - a scroll of enchant weapon
 h - a scroll of amnesia {unknown}
 i - 2 scrolls of immolation {unknown}
 m - a scroll of recharging {unknown}
 n - a scroll of teleportation {unknown}
 r - a scroll of brand weapon {unknown}
Potions
 g - a potion of agility
 j - a potion of might
 k - 2 potions of heal wounds {unknown}
 l - a potion of curing {unknown}
 u - a potion of degeneration {unknown}
Comestibles
 b - 4 bread rations
 d - a meat ration
 o - 2 beef jerkies
 t - 4 fruits


   Skills:
 - Level 2.4(7.4) Fighting
 - Level 2.4(7.4) Dodging
 - Level 1.1(6.1) Stealth
 * Level 13.3(18.3) Unarmed Combat


You had 8 spell levels left.
You didn't know any spells.

Dungeon Overview and Level Annotations

Branches:
Dungeon (12/15)
 Temple: D:4-7         Lair: D:8-11         Orc: D:9-12

Altars:
Okawaru
Ru
Vehumet

Shops:
D:8 %


Innate Abilities, Weirdness & Mutations

You are too large for most types of armour.
You have claws for hands.
Your metabolism is lightning-fast.
You like to eat raw meat.
You heal very quickly.
You are covered in fur (AC +1).
You have very tough skin (AC +2).


Message History

The vampire barely misses you. The vampire bites you.
* * * LOW HITPOINT WARNING * * *
The vampire draws strength from your injuries!
Unknown command.
Unknown command.
You claw the vampire! You claw the vampire.
The vampire is heavily damaged.
You scratch the vampire but do no damage.
The vampire is heavily damaged.
The vampire is infused with unholy energy.
* * * LOW HITPOINT WARNING * * *
The vampire draws life force from you and is healed!
Unknown command.
You barely miss the vampire.
The vampire is lightly damaged.
The vampire barely misses you. The vampire bites you!
* * * LOW HITPOINT WARNING * * *
The vampire draws strength from your injuries!
Read which item? (? for menu, Esc to quit)
Okay, then.
Drink which item? (? for menu, Esc to quit)
Okay, then.
Read which item? (? for menu, Esc to quit)
Okay, then.
Drink which item? (? for menu, Esc to quit)
It was a potion of might.
You feel very mighty all of a sudden. The vampire barely misses you.
The vampire bites you!
* * * LOW HITPOINT WARNING * * *
You claw the vampire!
The vampire is heavily damaged.
You scratch the vampire.
The vampire is heavily damaged.
The vampire closely misses you. x2
You scratch the vampire.
The vampire is heavily damaged.
The vampire points at you and mumbles some strange words.
You are confused.
You bump into the stone wall.
The vampire hits you!
You die...

.# .# .#####... (
......... #........
#........ #.<......
#........ #.V......
####. #@# ..)#.# #.#
...#.# #.# ...#.# #.#
...#.# #.#######
...#^###########........
.###....................
##....#'###..#########..
.†....#...#..#


You could see a vampire.

Vanquished Creatures
  Sonja (D:10)
  The ghost of Serono the Ruffian, a novice TrMo of Nemelex Xobeh (D:8)
  A hungry ghost (D:9)
  4 yaks (D:9)
  A water moccasin (D:8)
  An orc warrior (D:12)
  A black bear (D:7)
  2 ogres
  A big kobold (D:7)
  A giant frog (D:8)
  3 scorpions
  4 jellies
  2 crimson imps
  A centaur zombie (D:6)
  4 orc wizards
  A hound (D:12)
  An orc priest (D:12)
  3 worker ants
  A hound skeleton (D:9)
  2 adders (D:10)
  A gnoll (D:10)
  2 shadow imps
  An adder zombie (D:7)
  A giant gecko (D:7)
  13 orcs
  A giant cockroach (D:6)
  7 jackals
  3 kobolds (D:8)
  3 quokkas
  2 bats (D:3)
  A quokka skeleton (D:7)
  3 rats
74 creatures vanquished.

Notes
Turn   | Place    | Note
--------------------------------------------------------------
     0 | D:1      | Implojin the Troll Monk began the quest for the Orb.
     0 | D:1      | Reached XP level 1. HP: 22/22 MP: 0/0
    51 | D:3      | Noticed an orc priest
    83 | D:3      | Noticed an orc wizard
    85 | D:3      | Reached XP level 2. HP: 22/29 MP: 1/1
    97 | D:3      | Killed an orc wizard
    97 | D:3      | Reached skill level 5 in Unarmed Combat
    97 | D:3      | Reached XP level 3. HP: 12/36 MP: 2/2
   167 | D:4      | You fall through a shaft for 3 floors!
   176 | D:8      | Found a flagged portal.
   176 | D:8      | Noticed a big kobold
   201 | D:7      | Killed a big kobold
   201 | D:7      | Reached skill level 6 in Unarmed Combat
   201 | D:7      | Reached XP level 4. HP: 23/44 MP: 3/3
   254 | Bailey   | Entered a bailey
   254 | Bailey   | Noticed an orc warrior
   255 | Bailey   | Noticed an orc warrior
   255 | Bailey   | Noticed an orc knight
   255 | Bailey   | Noticed an orc warrior
   255 | Bailey   | Noticed an orc warrior
   298 | D:7      | Reached XP level 5. HP: 29/50 MP: 4/4
   403 | D:5      | Entered Level 5 of the Dungeon
   451 | D:5      | Reached skill level 7 in Unarmed Combat
   478 | D:5      | Noticed an ogre
   499 | D:5      | Killed an ogre
   499 | D:5      | Reached XP level 6. HP: 24/59 MP: 5/5
   549 | D:4      | Noticed a scorpion
   559 | D:4      | Killed a scorpion
   658 | D:6      | Reached skill level 8 in Unarmed Combat
   677 | D:6      | Found a radiant altar of Vehumet.
   681 | D:6      | Found a sacrificial altar of Ru.
   716 | D:6      | Found an iron altar of Okawaru.
   730 | D:6      | Became a worshipper of Warmaster Okawaru
   730 | D:6      | Reached * piety under Okawaru
   730 | D:6      | Reached ** piety under Okawaru
   735 | D:7      | Noticed a black bear
   741 | D:7      | Killed a black bear
   742 | D:7      | Noticed a scorpion
   749 | D:7      | Killed a scorpion
   749 | D:7      | Reached XP level 7. HP: 61/66 MP: 6/6
   801 | D:7      | Reached skill level 9 in Unarmed Combat
   896 | D:8      | Noticed an ogre
   900 | D:8      | Noticed a water moccasin
   905 | D:8      | Killed a water moccasin
   909 | D:8      | Killed an ogre
   966 | D:8      | Noticed Serono's ghost (novice TrMo)
   969 | D:8      | Found Ipoud's Food Shoppe.
   974 | D:8      | Killed Serono's ghost
   974 | D:8      | Reached *** piety under Okawaru
   974 | D:8      | Reached skill level 10 in Unarmed Combat
   974 | D:8      | Reached XP level 8. HP: 59/74 MP: 4/7
  1027 | D:8      | Noticed a giant frog
  1034 | D:8      | Killed a giant frog
  1068 | D:9      | Reached skill level 11 in Unarmed Combat
  1077 | D:9      | Reached skill level 12 in Unarmed Combat
  1082 | D:9      | Reached **** piety under Okawaru
  1082 | D:9      | Reached XP level 9. HP: 68/80 MP: 6/8
  1201 | D:10     | Entered Level 10 of the Dungeon
  1237 | D:10     | Noticed Sonja
  1297 | D:10     | Killed Sonja
  1297 | D:10     | Reached skill level 13 in Unarmed Combat
  1343 | D:10     | You fall through a shaft for 2 floors!
  1495 | D:12     | Slain by a vampire

Action                   |  1- 3 |  4- 6 |  7- 9 || total
-------------------------+-------+-------+-------++-------
Melee: Unarmed           |    47 |    77 |   105 ||   229
Invok: Heroism           |       |       |     8 ||     8
Evoke: Wand              |       |       |     2 ||     2
  Use: Scroll            |       |     2 |     1 ||     3
       Potion            |       |       |     2 ||     2
 Stab: Sleeping          |       |     1 |       ||     1
  Eat: Chunk             |       |     4 |    20 ||    24

Table legend:
 A = Turns spent in this place as a percentage of turns spent in the entire game.
 B = Non-inter-level travel turns spent in this place as a percentage of non-inter-level travel turns spent in the entire game.
 C = Inter-level travel turns spent in this place as a percentage of turns spent in this place.
 D = Turns resting spent in this place as a percentage of non-inter-level travel turns spent in this place.
 E = Turns spent auto-exploring this place as a percentage of non-inter-level travel turns spent in this place.
 F = Non-inter-level travel turns spent in this place divided by the number of levels of this place that you've seen.
                   A       B       C       D       E      F
               +-------+-------+-------+-------+-------+----------------------
         Total | 100.0 | 100.0 |   0.0 |   0.0 |   0.0 | 121.5
       Dungeon |  98.1 |  98.1 |   0.0 |   0.0 |   0.0 | 130.0
        Bailey |   1.9 |   1.9 |   0.0 |   0.0 |   0.0 |  28.0
               +-------+-------+-------+-------+-------+----------------------

Table legend:
 A = Kills in this place as a percentage of kills in entire the game.
 B = Kills by you in this place as a percentage of kills by you in the entire game.
 C = Kills by friends in this place as a percentage of kills by friends in the entire game.
 D = Other kills in this place as a percentage of other kills in the entire game.
 E = Experience gained in this place as a percentage of experience gained in the entire game.
 F = Experience gained in this place divided by the number of levels of this place that you have seen.
                   A       B       C       D       E      F
               +-------+-------+-------+-------+-------+----------------------
         Total | 100.0 | 100.0 |  -nan |  -nan | 100.0 | 351.5
       Dungeon | 100.0 | 100.0 |  -nan |  -nan | 100.0 | 383.5
               +-------+-------+-------+-------+-------+----------------------
